 Dungeon Crawl Stone Soup version 0.30-b1-2-g02819fbbbe (webtiles) character file.

Game seed: 17140528783621981657

1788 Esekla the Covert (level 9, -3/61 HPs)
             Began as an Octopode Delver on May 3, 2023.
             Was an Initiate of Gozag.
             Succumbed to a hornet's poison
             ... on level 7 of the Dungeon.
             The game lasted 00:34:37 (7274 turns).

Esekla the Covert (Octopode Delver)                 Turns: 7274, Time: 00:34:38

Health: -3/61      AC:  1    Str: 23    XL:     9   Next: 8%
Magic:  23/23      EV: 14    Int: 17    God:    Gozag
Gold:   775        SH:  0    Dex: 13    Spells: 14/14 levels left

rFire   . . .        a - +0 falchion
rCold   . . .        (no shield)
rNeg    . . .        (helmet restricted)
rPois   .            (no amulet)
rElec   .            A - ring of magical power
rCorr   .            o - ring of flight
SInv    .            m - +6 ring of strength
Will    .....        I - +6 ring of strength
Stlth   ++++++       (no ring)
HPRegen 0.30/turn    (no ring)
MPRegen 0.18/turn    (no ring)
                     (no ring)

%: no passive effects
@: lethally poisoned (-3 -> -21), flying, slowed, studying Throwing, very slow
A: almost no armour, amphibious, 8 rings, camouflage 1, gelatinous body 1,
(nimble swimmer 1), tentacles
a: Renounce Religion, Potion Petition, Call Merchant, Bribe Branch


You were on level 7 of the Dungeon.
You worshipped Gozag.
Gozag was pleased with you.
You visited 2 branches of the dungeon, and saw 8 of its levels.
You also visited: Ossuary.

You collected 1227 gold pieces.
You paid 452 gold pieces to Gozag.

Inventory:

Hand Weapons
 a - a +0 falchion (weapon)
 r - a +0 spear
 s - a +0 dagger
Missiles
 j - 5 boomerangs (quivered)
 y - 8 poisoned darts
 D - 3 curare-tipped darts
Jewellery
 d - a ring of ice
 m - a +6 ring of strength (on tentacle)
 o - a ring of flight (right tentacle)
 A - a ring of magical power (left tentacle)
 I - a +6 ring of strength (on tentacle)
Wands
 f - a wand of digging (3)
 H - a wand of roots (9)
Scrolls
 b - 2 scrolls of fog
 e - a scroll of enchant weapon {unknown}
 h - a scroll of noise {unknown}
 k - 5 scrolls of amnesia {unknown}
 p - a scroll of teleportation {unknown}
 q - 2 scrolls of brand weapon {unknown}
 u - 3 scrolls of enchant armour {unknown}
 v - 2 scrolls of blinking {unknown}
 x - a scroll of poison {unknown}
 B - a scroll of vulnerability {unknown}
 E - 2 scrolls of silence {unknown}
Potions
 g - 2 potions of flight
 i - 2 potions of mutation
 l - a potion of berserk rage
 n - a potion of resistance
 t - a potion of lignification
 w - 5 potions of haste
 z - 2 potions of attraction
 F - a potion of brilliance {unknown}
 G - 2 potions of cancellation {unknown}


   Skills:
 * Level 5.2 Fighting
 + Level 1.8(4.3) Short Blades
 * Level 6.2(6.4) Long Blades
 + Level 0.9 Throwing
 * Level 4.3 Dodging
 + Level 10.8 Stealth
 * Level 3.4 Spellcasting


You had 14 spell levels left.
You didn't know any spells.
Your spell library contained the following spells:

 Spells                   Type           Power      Damage    Failure   Level
 Hailstorm                Conj/Ice       2%         3d3       45%         3
 Ice Form                 Ice/Tmut       2%         N/A       86%         4
 Simulacrum               Ice/Necr       Unusable   N/A       N/A         6

Dungeon Overview and Level Annotations

Branches:
Dungeon (7/15)             Temple (1/1) D:5         Ossuary (visited)

Altars:
Ashenzari
Cheibriados
Dithmenos
Fedhas
Gozag
Kikubaaqudgha
Makhleb
Nemelex Xobeh
Qazlal
Ru
Sif Muna
Trog
Uskayaw
Vehumet
Wu Jian
Xom
Zin
The Shining One

Shops:
D:1 (   D:5 ([

Annotations:
D:5 ice beasts, Grinder


Innate Abilities, Weirdness & Mutations

You cannot wear most types of armour.
You are amphibious.
You can wear up to eight rings at the same time.
Your skin changes colour to match your surroundings (Stealth+).
Your rubbery body absorbs attacks. (AC +1, EV +1)
((You are camouflaged when in or above water. (Stealth+)))
You have tentacles for arms and can constrict up to eight enemies at once.


Message History

The hornet is moderately wounded.
You constrict the hornet. The hornet closely misses you. The hornet misses you.
The hornet stings you.
You are poisoned.
You suddenly lose the ability to move!
You lose your grip on the hornet.
You feel very sick. The hornet stings you.
You feel as though you will be slow longer.
You feel sick. The hornet stings you.
You are more poisoned.
You feel as though you will be slow longer.
The hornet stings you but does no damage.
You can move again.
You feel better. The hornet stings you!
You feel as though you will be slow longer.
The hornet closely misses you.
You barely miss the hornet. You grab the hornet.
Your tentacle-slap misses the hornet.
Your squeeze misses the hornet.
The hornet is heavily wounded.
You constrict the hornet. The hornet stings you!
You are poisoned.
You feel as though you will be slow longer.
The hornet stings you!
* * * LOW HITPOINT WARNING * * *
You feel as though you will be slow longer.
You feel much better.
You constrict the hornet, but do no damage.
You feel very sick. The hornet stings you!
* * * LOW HITPOINT WARNING * * *
You are lethally poisoned!
You feel as though you will be slow longer.
The hornet stings you.
* * * LOW HITPOINT WARNING * * *
You feel as though you will be slow longer.
You hit the hornet.
The hornet is heavily wounded.
You constrict the hornet!
You die...
Your body crumbles into a pile of gold.

## ##.# ##...##
#..#..# ###.###.#
#§...☼#.######
###.....#......##
##...._....####..#
#..#.....### ##.#
#.##§.(.§# #.@#
...###.### #y#.~.#
##.....# #..#.~.~#
####.## #~≈~~~.~.#
#.# ..♣~..≈~.~..
#.. #~≈~~.~...~..#
##..
..♣...~#≈..~..#
##### ♣.≈~..?.♣#.#
.≈#♣.≈.≈.


You could see a hornet.

Vanquished Creatures
  Sigmund (D:2)
  2 black bears
  3 ogres
  2 centaurs (D:7)
  A phantom (D:6)
  A bullfrog (D:6)
  2 elf zombies (Ossuary)
  3 scorpions
  3 jellies
  A hound (D:4)
  An orc priest (D:5)
  A gnoll bouda (D:6)
  2 human zombies (Ossuary)
  A sleepcap (D:5)
  An orc wizard (D:5)
  3 mummies
  5 gnolls (D:6)
  6 adders
  A white imp (D:6)
  2 ufetubi
  An adder zombie (Ossuary)
  5 worms
  4 dart slugs
  13 orcs
  6 bats
  An endoplasm (D:1)
  4 giant cockroaches
  10 goblins
  8 hobgoblins
  10 jackals
  3 quokkas
  12 ball pythons
  3 frilled lizards
  3 goblin zombies
  10 hobgoblin zombies (Ossuary)
  4 jackal zombies (Ossuary)
  3 kobolds
  13 kobold zombies
  4 orc zombies (Ossuary)
  3 rats
162 creatures vanquished.

Vanquished Creatures (others)
  3 plants
3 creatures vanquished.

Grand Total: 165 creatures vanquished

Notes
Turn   | Place    | Note
-------+----------+-------------------------------------------
     0 | D:5      | Esekla the Octopode Delver began the quest for the Orb.
     0 | D:5      | Reached XP level 1. HP: 16/16 MP: 1/1
    52 | D:5      | Noticed an orc wizard
    78 | D:5      | Noticed Grinder
   206 | D:5      | Noticed an ice beast
   209 | D:5      | Noticed a sleepcap
   215 | D:5      | Found Atelonac's Antique Armour Shoppe.
   289 | D:5      | Reached XP level 2. HP: 19/21 MP: 2/2
   429 | D:5      | Found a shimmering altar of Xom.
   491 | D:5      | Reached skill level 7 in Stealth
   491 | D:5      | Reached XP level 3. HP: 26/26 MP: 3/3
   491 | D:5      | Found a staircase to the Ecumenical Temple.
   506 | D:5      | Noticed a scorpion
   509 | Temple   | Entered the Ecumenical Temple
   589 | D:5      | Killed a scorpion
   590 | D:5      | Reached skill level 1 in Spellcasting
   590 | D:5      | Reached XP level 4. HP: 31/31 MP: 3/5
   620 | D:5      | Reached XP level 5. HP: 16/36 MP: 6/6
   850 | D:5      | Reached skill level 8 in Stealth
   903 | Temple   | Became a worshipper of Gozag Ym Sagoz the Greedy
  1094 | D:4      | Noticed an ogre
  1099 | D:4      | Killed an ogre
  1100 | D:4      | Reached XP level 6. HP: 41/42 MP: 8/8
  1570 | D:2      | Identified the +1 ring mail of Pathos {Fly Will- Str+3
                  | Dex+4}
  1640 | D:1      | Found Oxuirian's Antique Weapon Boutique.
  2548 | D:2      | Noticed Sigmund
  2765 | D:2      | Killed Sigmund
  2766 | D:2      | Reached skill level 9 in Stealth
  2766 | D:2      | Reached XP level 7. HP: 47/47 MP: 8/10
  3154 | D:3      | Found a shadowy altar of Dithmenos.
  3748 | D:3      | Reached skill level 1 in Short Blades
  4525 | D:5      | Reached XP level 8. HP: 54/54 MP: 12/12
  4944 | D:5      | Reached skill level 10 in Stealth
  5300 | D:6      | Found a sparkling altar of Nemelex Xobeh.
  5545 | D:6      | Found a sand-covered staircase.
  5576 | D:6      | Reached skill level 5 in Long Blades
  5659 | Ossuary  | Entered an ossuary
  6472 | D:6      | Reached skill level 5 in Fighting
  7059 | D:7      | Reached XP level 9. HP: 34/61 MP: 14/14
  7247 | D:7      | Found an ancient bone altar of Kikubaaqudgha.
  7263 | D:7      | Noticed a hornet
  7268 | D:7      | Paralysed by a hornet for 3 turns
  7273 | D:7      | HP: 3/61 [hornet (4)]
  7274 | D:7      | Succumbed to a hornet's poison

Illustrated notes

Levels and vault maps discovered:
D:1:      dpeg_arrival_ternary, layout_loops_cross, serial_shops, shop,
          minmay_split_cup_small
D:2:      layout_loops_cross, chequers_serial_rivers_large_a,
          kennysheep_decorative_pillar, uniq_sigmund
D:3:      layout_basic, mainiacjoe_overflow_concentric_impassable
D:4:      layout_loops_ring, minmay_misc_feat_room, nrook_mini_backslash
D:5:      layout_loops_corners, tgw_xom, minmay_temple_entry_junction_2,
          serial_shops, nicolae_shop_overgrown_old_shop, uniq_grinder
D:6:      layout_loops_ring, mainiacjoe_overflow_brackets,
          nicolae_ossuary_entry_giza
D:7:      layout_basic, nicolae_overflow_crystal_walls,
          nicolae_kikubaaqudgha_miasma_corner, nicolae_ea-nasir_strikes_again,
          chequers_big_river, hex_large, chequers_serial_rivers_marsh,
          minivault_25, grunt_ministairs_13, minmay_manual_mares
Temple:   nicolae_temple_superstar

Skill      XL: |  1  2  3  4  5  6  7  8 |
---------------+-------------------------+-----
Stealth        | 7 8 9 10 | 10.8
Spellcasting   | 1 2 3 |  3.4
Long Blades    | 3 4 6 |  6.2
Dodging        | 3 4 |  4.3
Fighting       | 4 5 |  5.2
Short Blades   | 1 |  1.8
Throwing       | |  0.9

Action                     |  1- 3 |  4- 6 |  7- 9 || total
---------------------------+-------+-------+-------++-------
  Melee: Falchion          |     9 |    59 |   179 ||   247
         Tentacles         |     5 |    18 |    52 ||    75
         Constrict         |     3 |    21 |    48 ||    72
         Dagger            |     3 |    35 |    41 ||    79
         Punch             |       |     3 |     1 ||     4
  Throw: Dart              |       |       |     9 ||     9
         Boomerang         |       |       |     6 ||     6
 Invoke: Call Merchant     |       |       |     1 ||     1
    Use: Scroll            |     2 |       |     8 ||    10
         Potion            |     1 |       |     4 ||     5
   Stab: Sleeping          |     3 |    28 |    35 ||    66
         Distracted        |       |       |     3 ||     3
 Armour: Skin              |       |     5 |    17 ||    22
  Dodge: Dodged            |     4 |    66 |   118 ||   188
